 Dungeon Crawl Stone Soup version 0.19-a0-36-g4a0968a (webtiles) character file.

2615 Jojapa the Thaumaturge (level 9, -3/45 HPs)
             Began as a Deep Elf Wizard on May 3, 2016.
             Slain by an orc warrior
             ... wielding a +0 halberd
              (18 damage)
             ... on level 7 of the Dungeon on May 4, 2016.
             The game lasted 00:33:27 (9684 turns).

Jojapa the Thaumaturge (Deep Elf Wizard)            Turns: 9684, Time: 00:33:28

Health: -3/45      AC:  8    Str:  7    XL:     9   Next: 34%
Magic:  20/27      EV: 14    Int: 24    God:
Gold:   399        SH:  0    Dex: 13    Spells: 5 memorised, 21 levels left

rFire  + . .     SeeInvis .     (no weapon)
rCold  + . .     Gourm    .     J - +2 robe {rC+ rF+}
rNeg   . . .     Faith    .     (no shield)
rPois  .         Spirit   .     b - +0 hat
rElec  .         Dismiss  +     (no cloak)
rCorr  .         Reflect  .     (no gloves)
SustAt .         Harm     .     s - +1 pair of boots
MR     +....                    E - amulet of dismissal
Stlth  ++........               o - ring of protection from magic
                                e - +2 ring of protection

@: repel missiles, somewhat resistant to hostile enchantments, unstealthy
A: no striking features
a: no special abilities


You were on level 7 of the Dungeon.
You were very hungry.

You visited 1 branch of the dungeon, and saw 7 of its levels.

You collected 399 gold pieces.

Inventory:

Armour
 b - a +0 hat (worn)
 s - a +1 pair of boots (worn)
 J - a +2 robe of resistance (worn)
Jewellery
 e - a +2 ring of protection (left hand)
 o - a ring of protection from magic (right hand)
 A - an uncursed amulet of regeneration
 E - an amulet of dismissal (around neck)
Wands
 y - a wand of random effects (31/48)
 D - a wand of digging (13/24)
 G - a wand of confusion (19/48)
Scrolls
 f - a scroll of amnesia {unknown}
 i - 4 scrolls of remove curse
 k - a scroll of immolation {unknown}
 q - 2 scrolls of random uselessness {unknown}
 w - a scroll of recharging {unknown}
 z - a scroll of blinking {unknown}
 H - 4 scrolls of noise {unknown}
 I - a scroll of fear {unknown}
Potions
 h - a potion of heal wounds
 j - a potion of lignification {unknown}
 l - 2 potions of haste
 m - a potion of curing
 n - a potion of brilliance
 p - a potion of invisibility {unknown}
 r - a potion of cancellation
 t - 3 potions of flight
 v - a potion of cure mutation {unknown}
 x - a potion of agility {unknown}
 B - a potion of magic {unknown}
 C - a potion of mutation {unknown}
 F - a potion of berserk rage {unknown}
Books
 c - a book of Minor Magic

   Spells                             Type                      Level
   a - Magic Dart                     Conjuration                  1
   b - Blink                          Translocation                2
   c - Call Imp                       Summoning                    2
   d - Repel Missiles                 Charms/Air                   2
   e - Slow                           Hexes                        2
   f - Conjure Flame                  Conjuration/Fire             3
   g - Mephitic Cloud                 Conjuration/Poison/Air       3
Comestibles
 a - a beef jerky
 d - 3 bread rations
 u - a meat ration
 K - a slice of pizza


   Skills:
 - Level 5.1 Dodging
 - Level 2.4 Stealth
 * Level 12.0 Spellcasting
 + Level 8.2 Conjurations
   Level 1.1 Summonings
 - Level 2.1 Translocations
 - Level 3.0 Air Magic


You had 21 spell levels left.
You knew the following spells:

 Your Spells              Type           Power        Failure   Level  Hunger
a - Magic Dart            Conj           ####         1%          1    None
b - Blink                 Tloc           N/A          2%          2    None
c - Repel Missiles        Chrm/Air       ###...       3%          2    None
d - Mephitic Cloud        Conj/Pois/Air  ####....     2%          3    None
e - Conjure Flame         Conj/Fire      ####....     2%          3    None


Dungeon Overview and Level Annotations

Branches:
Dungeon (7/15)
 Temple: D:4-7

Altars:
Ashenzari
Fedhas
Nemelex Xobeh
Okawaru
Pakellas
Xom
Zin


Message History

The orc warrior is heavily wounded.
The orc warrior closely misses you.
Casting: Magic Dart
Confirm with . or Enter, or press ? or * to list all spells.
Aiming: Magic Dart
Press: ? - help, Shift-Dir - straight line, f/p - orc warrior
Aim: an orc warrior, wielding a halberd and wearing a plate armour (heavily wounded)
The magic dart hits the orc warrior.
The orc warrior is heavily wounded.
The orc warrior hits you with a halberd!!
* * * LOW HITPOINT WARNING * * *
Casting: Magic Dart
Confirm with . or Enter, or press ? or * to list all spells.
Aiming: Magic Dart
Press: ? - help, Shift-Dir - straight line, f/p - orc warrior
Aim: an orc warrior, wielding a halberd and wearing a plate armour (heavily wounded)
The magic dart hits the orc warrior.
The orc warrior is heavily wounded.
The orc warrior hits you with a halberd!!
You die...

>#
#..........####.....#
.#
#................####
.# #......<########.#
.# #.......# #.# .#
#.......# ####.# .#
######### #....# ##
#.#### #.#
###########@#####
###......#..o.....#
###..h...#.#.#.##.###
##..Z..Z..#.#.#.##.#
#.....###.#.#.#....#
..h.### #...#.######
..### #...§o### .##
#=...oo.# ##
##.####.#


You could see an orc warrior.

Vanquished Creatures
  A hippogriff (D:6)
  3 ice beasts (D:6)
  2 orc warriors (D:6)
  A sky beast (D:6)
  2 phantoms
  A necrophage (D:7)
  2 ogres (D:5)
  The ghost of Jojapa the Conjurer, an amateur DEWz (D:3)
  2 giant frogs
  3 scorpions
  2 howler monkeys (D:6)
  A giant frog zombie (D:6)
  A crimson imp (D:6)
  A giant frog skeleton (D:5)
  3 hounds
  6 orc priests
  A jelly (D:7)
  A centaur skeleton (D:5)
  4 iguanas
  7 orc wizards
  7 worker ants
  A hound zombie (D:6)
  7 gnolls
  4 adders
  A shadow imp (D:5)
  An adder skeleton (D:5)
  A worm (D:2)
  4 dart slugs
  6 giant geckos
  12 orcs
  4 giant cockroaches
  9 goblins
  9 hobgoblins
  11 jackals
  5 kobolds
  2 quokkas
  A ball python (D:6)
  10 bats
  3 giant newts
  11 rats
154 creatures vanquished.

Vanquished Creatures (others)
  7 bushes (D:6)
  11 plants (D:6)
18 creatures vanquished.

Grand Total: 172 creatures vanquished

Notes
Turn   | Place    | Note
--------------------------------------------------------------
     0 | D:1      | Jojapa the Deep Elf Wizard began the quest for the Orb.
     0 | D:1      | Reached XP level 1. HP: 10/10 MP: 7/7
   184 | D:1      | Reached XP level 2. HP: 15/15 MP: 0/9
   389 | D:1      | Learned a level 2 spell: Blink
   394 | D:1      | Learned a level 2 spell: Repel Missiles
   878 | D:1      | Reached XP level 3. HP: 19/19 MP: 9/11
  1651 | D:2      | Reached XP level 4. HP: 24/24 MP: 4/12
  1659 | D:2      | Learned a level 3 spell: Mephitic Cloud
  1663 | D:2      | Learned a level 3 spell: Conjure Flame
  2214 | D:3      | Noticed Jojapa's ghost (amateur DEWz)
  2245 | D:3      | HP: 1/24 [Jojapa's ghost/magic dart (1)]
  2257 | D:3      | Killed Jojapa's ghost
  2257 | D:3      | Reached skill level 5 in Conjurations
  2257 | D:3      | Reached XP level 5. HP: 3/28 MP: 0/14
  2902 | D:3      | Found an iron altar of Okawaru.
  3245 | D:3      | Reached skill level 1 in Air Magic
  3715 | D:4      | Reached XP level 6. HP: 32/32 MP: 0/15
  3730 | D:4      | Found a shimmering altar of Xom.
  3893 | D:4      | Reached skill level 5 in Spellcasting
  4626 | D:4      | Reached XP level 7. HP: 29/36 MP: 8/16
  4854 | D:5      | Entered Level 5 of the Dungeon
  5022 | D:5      | Reached skill level 6 in Spellcasting
  5640 | D:5      | Reached skill level 7 in Spellcasting
  6080 | D:5      | Found a sparkling altar of Nemelex Xobeh.
  6354 | D:5      | Reached skill level 5 in Dodging
  6354 | D:5      | Reached skill level 8 in Spellcasting
  6354 | D:5      | Reached XP level 8. HP: 41/41 MP: 15/22
  6971 | D:5      | Reached skill level 9 in Spellcasting
  7408 | D:6      | Found a glowing silver altar of Zin.
  7416 | D:6      | Found a shattered altar of Ashenzari.
  7417 | D:6      | Found an oddly glowing altar of Pakellas.
  7502 | D:7      | Reached skill level 10 in Spellcasting
  7839 | D:6      | HP: 2/41 [ice beast (2)]
  8367 | D:6      | Found a blossoming altar of Fedhas.
  8386 | D:7      | Reached skill level 11 in Spellcasting
  8386 | D:7      | Reached XP level 9. HP: 42/45 MP: 18/26
  9523 | D:6      | Reached skill level 12 in Spellcasting
  9684 | D:7      | Slain by an orc warrior

Vault maps used:
D:1:      dpeg_arrival_subterranean_lakeside_camping
D:3:      okawaru_metal_pillars_3
D:4:      xom_teletrap_fun
D:5:      first_bread, nemelex_spade_bored_becter
D:6:      minmay_opposing_rooms, grunt_temple_overflow_open,
          fedhas_altar_decomposition
D:7:      minmay_temple_entry_junction, serial_curves, eino_curves_02,
          eino_curves_02, eino_curves_02, eino_curves_01, uniq_prince_ribbit1

Skill      XL: |  1  2  3  4  5  6  7  8  9 |
---------------+----------------------------+-----
Conjurations   | 2 4 5 6 7 8 |  8.2
Air Magic      | 2 3 |  3.0
Spellcasting   | 5 8 11 12 | 12.0
Dodging        | 3 5 |  5.1
Translocations | 2 |  2.1
Stealth        | |  2.4
Summonings     | |  1.1

Action                   |  1- 3 |  4- 6 |  7- 9 || total
-------------------------+-------+-------+-------++-------
Melee: Unarmed           |       |     1 |       ||     1
 Cast: Magic Dart        |    90 |   136 |   427 ||   653
       Repel Missiles    |     1 |     1 |       ||     2
       Mephitic Cloud    |       |     3 |     5 ||     8
       Blink             |       |     1 |    12 ||    13
       Conjure Flame     |       |     1 |     6 ||     7
  Use: Scroll            |       |     5 |     3 ||     8
  Eat: Chunk             |     2 |     9 |    11 ||    22
       Pizza             |       |       |     1 ||     1
       Beef jerky        |       |       |     1 ||     1
Armor: Robe              |     6 |     8 |    46 ||    60
Dodge: Dodged            |    21 |    21 |    93 ||   135
       Deflected         |     1 |       |       ||     1
